 Dungeon Crawl Stone Soup version 0.30-a0-311-gf115ab0292 (webtiles) character file.

Game seed: 13062799417151854387

45 ragingrage the Slasher (level 3, -3/29 HPs)
             Began as a Demigod Gladiator on Oct 25, 2022.
             Slain by a gnoll
             ... wielding a +0 spear
              (5 damage)
             ... on level 3 of the Dungeon.
             The game lasted 00:01:10 (903 turns).

ragingrage the Slasher (Demigod Gladiator)           Turns: 903, Time: 00:01:10

Health: -3/29      AC:  4    Str: 15    XL:     3   Next: 25%
Magic:  5/5        EV: 12    Int: 10    God:
Gold:   101        SH:  0    Dex: 19    Spells: 2/2 levels left

rFire   + . .      SeeInvis .    a - +0 long sword
rCold   . . .      Faith    .    (no shield)
rNeg    . . .      Spirit   .    b - +0 leather armour
rPois   .          Reflect  .    c - +0 helmet
rElec   .          Harm     .    (no cloak)
rCorr   .          Rampage  .    (no gloves)
Will    .....                    (no boots)
Stlth   +.........               (no amulet)
HPRegen 0.24/turn                h - +4 ring of slaying
MPRegen 0.09/turn                j - ring of protection from fire

@: flying
A: high MP 1, forlorn, divine attributes
a: no special abilities


You were on level 3 of the Dungeon.
You visited 1 branch of the dungeon, and saw 3 of its levels.

You collected 101 gold pieces.

Inventory:

Hand Weapons
 a - a +0 long sword (weapon)
Armour
 b - a +0 leather armour (worn)
 c - a +0 helmet (worn)
Jewellery
 h - a +4 ring of slaying (left hand)
 j - a ring of protection from fire (right hand)


   Skills:
 - Level 1.7 Fighting
 + Level 4.1 Long Blades
 - Level 1.7 Throwing
 - Level 2.6 Dodging


You had 2 spell levels left.
You didn't know any spells.
Your spell library contained the following spells:

 Spells                   Type           Power      Damage    Failure   Level
 Gell's Gravitas          Tloc           0%         N/A       80%         3
 Teleport Other           Tloc           0%         N/A       80%         3
 Dispersal                Tloc           0%         N/A       100%        6


Dungeon Overview and Level Annotations

Branches:
Dungeon (3/15)

Annotations:
D:2 Sigmund
D:3 Robin


Innate Abilities, Weirdness & Mutations

You have an increased reservoir of magic. (+10% MP)
You shall have no god before yourself.
Your divine heritage dramatically boosts your attributes as you level up.


Message History

Robin is lightly wounded.
The gnoll hits you from afar with a +0 spear!
* * * LOW HITPOINT WARNING * * *
The gnoll barely misses you.
Throw: 2 throwing nets
Press: ? - help, Q - select action Shift-Dir - straight line, f/p - gnoll
Aim: a gnoll, wielding a +0 spear (lightly wounded, 69% to hit)
You throw a throwing net.
The throwing net barely misses the gnoll.
The throwing net hits Robin.
Robin is caught in the net!
Robin is lightly wounded.
Throw: throwing net
Press: ? - help, Q - select action Shift-Dir - straight line, f/p - gnoll
Aim: a gnoll, wielding a +0 spear (lightly wounded, 69% to hit)
You throw a throwing net. The throwing net hits the gnoll.
The gnoll is caught in the net!
The gnoll is lightly wounded.
The gnoll struggles against the net.
Robin struggles against the net.
The goblin shouts!
An orc wizard comes into view. It is wielding a +0 dagger.
An orc priest comes into view. It is wielding a +0 hand axe.
The gnoll struggles against the net.
Robin roars a battlecry!
The goblin goes into a battle-frenzy!
Robin struggles against the net.
The orc wizard shouts!
You slash the gnoll!
The gnoll is almost dead.
The orc wizard gestures wildly while chanting.
The orc wizard flickers and vanishes!
Deactivating autopickup; reactivate with Ctrl-A.
The gnoll struggles against the net. x2; Robin struggles against the net.
You hit the gnoll.
You kill the gnoll!
Robin struggles against the net.
Your Long Blades skill increases to level 4!
The dart slug bites you.
* * * LOW HITPOINT WARNING * * *
The gnoll hits you from afar with a +0 spear.
You die...

..................#....
.......................
......................
........#.......(.....
.#....#............#
#..#....#.....gglo.# ..
##.........ggog#
#.....#..ggwg##
#.....######@# #.....#
#.## ####### #).# ##.#
###


You could see Robin (caught), an orc priest, a gnoll, a dart slug, an orc, 3
hobgoblins, 3 goblins and a frilled lizard.

Vanquished Creatures
  2 gnolls (D:3)
  An adder (D:3)
  A ball python (D:1)
  3 giant cockroaches (D:1)
  3 goblins (D:3)
  A hobgoblin (D:1)
  3 frilled lizards (D:1)
  3 kobolds (D:1)
  A rat (D:1)
18 creatures vanquished.

Notes
Turn   | Place    | Note
-------+----------+-------------------------------------------
     0 | D:1      | ragingrage the Demigod Gladiator began the quest for the
                  | Orb.
     0 | D:1      | Reached XP level 1. HP: 17/17 MP: 3/3
   163 | D:1      | Reached skill level 3 in Long Blades
   434 | D:1      | Reached XP level 2. HP: 24/24 MP: 4/4
   846 | D:2      | Noticed Sigmund
   853 | D:3      | Noticed Robin
   895 | D:3      | Reached XP level 3. HP: 12/29 MP: 5/5
   903 | D:3      | Reached skill level 4 in Long Blades
   903 | D:3      | Slain by a gnoll

Illustrated notes

Levels and vault maps discovered:
D:1:      nagdon_arrival_zigzag_paths, layout_basic, serial_bayou_lagoon_b
D:2:      layout_basic, basic_altar, skrybe_limestone_x, lemuel_flame_loot_1,
          uniq_jessica, uniq_sigmund
D:3:      layout_rooms, dk_noncrumbling_2, uniq_natasha, uniq_robin, uniq_ijyb

Skill      XL: |  1  2  3 |
---------------+----------+-----
Long Blades    | 3 4 |  4.1
Fighting       | |  1.7
Throwing       | |  1.7
Dodging        | |  2.6

Action                   || total
-------------------------++-------
Melee: Long sword        ||    46
       Punch             ||     2
Throw: Throwing net      ||     3
       Javelin           ||     1
  Use: Scroll            ||     3
       Potion            ||     1
 Stab: Sleeping          ||     1
Armor: Leather armour    ||    14
Dodge: Dodged            ||    31

Table legend: (Time is in decaauts)
 A = Elapsed time spent in this place.
 B = Non-inter-level travel time spent in this place.
 C = Inter-level travel time spent in this place.
 D = Time resting spent in this place.
 E = Time spent auto-exploring this place.
 F = Levels seen in this place.
 G = Mean time per level.
                   A        B        C        D        E       F      G
               +--------+--------+--------+--------+--------+-----+--------+
         Total |    924 |    895 |     29 |     19 |    708 |   3 |  308.0 |
       Dungeon |    924 |    895 |     29 |     19 |    708 |   3 |  308.0 |
               +--------+--------+--------+--------+--------+-----+--------+

Top non-repeatable levels by time:
     D:1: 812 daAuts
     D:2: 58 daAuts
     D:3: 53 daAuts
